 Dungeon Crawl Stone Soup version 0.23.2-1-ga50397a (webtiles) character file.

Game seed: 2267754796563964815

523 eccles the Conjurer (level 7, -2/36 HPs)
             Began as a Deep Elf Conjurer on Apr 26, 2019.
             Was a Follower of Vehumet.
             Shot with an arrow by a centaur (7 damage)
             ... on level 5 of the Dungeon.
             The game lasted 00:23:45 (3643 turns).

eccles the Conjurer (Deep Elf Conjurer)             Turns: 3643, Time: 00:23:45

Health: -2/36      AC:  6    Str:  6    XL:     7   Next: 2%
Magic:  14/18      EV: 12    Int: 21    God:    Vehumet [*.....]
Gold:   105        SH:  0    Dex: 15    Spells: 9/19 levels left

rFire    + . .     SeeInvis .   r - +0 spear
rCold    + . .     Gourm    .   (no shield)
rNeg     . . .     Faith    .   j - +0 leather armour
rPois    .         Spirit   .   (no helmet)
rElec    .         Reflect  .   k - scarf {rC+ rF+}
rCorr    .         Harm     .   g - +2 pair of gloves
MR       .....                  (no boots)
Stlth    ++........             (no amulet)
HPRegen  0.12/turn              (no ring)
MPRegen  0.16/turn              (no ring)

@: no status effects
A: no striking features
a: Renounce Religion


You were on level 5 of the Dungeon.
You worshipped Vehumet.
Vehumet was aware of your devotion.
You were not hungry.

You visited 1 branch of the dungeon, and saw 5 of its levels.

You collected 105 gold pieces.

Inventory:

Hand Weapons
 f - a +0 mace
 r - a +0 spear (weapon)
Missiles
 e - 4 exploding tomahawks (quivered)
Armour
 a - a +0 robe
 g - a +2 pair of gloves (worn)
 j - a +0 leather armour (worn)
 k - a scarf of resistance (worn)
Wands
 v - a wand of scattershot (4)
Scrolls
 d - a scroll of teleportation
 h - a scroll of enchant armour
 i - a scroll of fear {unknown}
 l - 2 scrolls of amnesia
 m - a scroll of random uselessness
 p - a scroll of magic mapping {unknown}
 s - a scroll of noise {unknown}
 t - a scroll of remove curse
 u - a scroll of enchant weapon {unknown}
 x - a scroll of identify {unknown}
 y - a scroll of immolation {unknown}
Potions
 b - 3 potions of haste
 n - a potion of degeneration {unknown}
 o - a potion of might {unknown}
 q - a potion of heal wounds {unknown}
 w - a potion of lignification {unknown}
Comestibles
 c - 2 rations


   Skills:
 + Level 0.1 Fighting
 + Level 0.1 Maces & Flails
 + Level 1.6 Armour
 + Level 2.9 Dodging
 + Level 3.7 Stealth
 * Level 6.5 Spellcasting
 * Level 6.7 Conjurations


You had 9 spell levels left.
You knew the following spells:

 Your Spells              Type           Power        Failure   Level  Hunger
a - Magic Dart            Conj           ####         1%          1    None
b - Searing Ray           Conj           #####.       1%          2    None
c - Dazzling Spray        Conj/Hex       ###...       11%         3    #......
d - Iskenderun's Mystic   Conj           #####...     9%          4    ###....

Your spell library contained the following spells:

 Spells                   Type           Power        Failure   Level  Hunger
 Sandblast                Erth           #.....       14%         1    None
 Force Lance              Conj/Tloc      ###.....     34%         4    ###....
 Fulminant Prism          Conj/Hex       ###.......   34%         4    ###....


Dungeon Overview and Level Annotations

Branches:
Dungeon (5/15)             Temple (0/1) D:4

Altars:
Gozag
Makhleb
Okawaru
Ru
Vehumet
Yredelemnul
Zin


Message History

The centaur shoots an arrow.
The arrow hits you!
Casting: Magic Dart (safe; 1% risk of failure)
Confirm with . or Enter, or press ? or * to list all spells.
Aiming: Magic Dart (safe; 1% risk of failure)
Press: ? - help, Shift-Dir - straight line, f/p - centaur
Aim: a centaur, wielding a +0 shortbow (heavily wounded)
The magic dart hits the centaur but does no damage.
The centaur is heavily wounded.
The centaur shoots an arrow.
The arrow hits you!
Casting: Magic Dart (safe; 1% risk of failure)
Confirm with . or Enter, or press ? or * to list all spells.
Aiming: Magic Dart (safe; 1% risk of failure)
Press: ? - help, Shift-Dir - straight line, f/p - centaur
Aim: a centaur, wielding a +0 shortbow (heavily wounded)
The magic dart hits the centaur.
The centaur is heavily wounded.
The centaur shoots an arrow.
The arrow hits you!
* * * LOW HITPOINT WARNING * * *
The centaur shoots an arrow.
The arrow hits you!
You die...

.....
.....#####
.........#
.........######
.....c........#
.....$........#
.........:....#
.......@......#
..........?...#
..............#
..............#
......./.(.....
...............
...............
...............


You could see a centaur.

Vanquished Creatures
  2 phantoms
  A scorpion (D:4)
  An orc priest (D:3)
  A centaur skeleton (D:4)
  A hound (D:3)
  Natasha (thrice) (D:2)
  An iguana (D:4)
  2 adders (D:2)
  An ooze (D:1)
  An adder skeleton (D:4)
  2 dart slugs (D:1)
  4 leopard geckos
  7 orcs
  4 bats
  2 giant cockroaches
  4 goblins
  7 hobgoblins
  9 jackals
  4 quokkas
  2 ball pythons
  3 frilled lizards
  6 kobolds
  A leopard gecko skeleton (D:4)
  6 rats (D:1)
75 creatures vanquished.

Notes
Turn   | Place    | Note
-------+----------+-------------------------------------------
     0 | D:1      | eccles the Deep Elf Conjurer began the quest for the Orb.
     0 | D:1      | Reached XP level 1. HP: 10/10 MP: 6/6
    85 | D:1      | Reached XP level 2. HP: 15/15 MP: 1/8
   435 | D:1      | Reached skill level 5 in Conjurations
   703 | D:1      | Reached XP level 3. HP: 19/19 MP: 7/9
   900 | D:2      | Learned a level 2 spell: Searing Ray
   904 | D:2      | Learned a level 3 spell: Dazzling Spray
   915 | D:2      | Noticed Natasha
   925 | D:2      | Killed Natasha
  1015 | D:2      | Noticed Natasha
  1024 | D:2      | Killed Natasha
  1024 | D:2      | Reached XP level 4. HP: 18/24 MP: 3/11
  1038 | D:2      | Noticed Natasha
  1255 | D:2      | Noticed a phantom
  1366 | D:2      | Killed a phantom
  1366 | D:2      | Reached XP level 5. HP: 22/28 MP: 2/14
  1550 | D:2      | Found a basalt altar of Yredelemnul.
  1559 | D:2      | Found a glowing silver altar of Zin.
  1568 | D:2      | Found an opulent altar of Gozag.
  1578 | D:2      | Found a radiant altar of Vehumet.
  1582 | D:2      | Became a worshipper of Vehumet
  1587 | D:2      | Found a sacrificial altar of Ru.
  1594 | D:2      | Found an iron altar of Okawaru.
  1598 | D:2      | Found a burning altar of Makhleb.
  1781 | D:2      | Killed Natasha
  1984 | D:3      | Reached skill level 5 in Spellcasting
  2230 | D:3      | Learned a level 4 spell: Iskenderun's Mystic Blast
  2564 | D:3      | Reached skill level 1 in Armour
  2564 | D:3      | Reached XP level 6. HP: 28/32 MP: 4/15
  3148 | D:4      | Reached * piety under Vehumet
  3148 | D:4      | Offered knowledge of Sandblast by Vehumet.
  3150 | D:4      | Reached XP level 7. HP: 36/36 MP: 8/18
  3161 | D:4      | Found a staircase to the Ecumenical Temple.
  3618 | D:5      | Entered Level 5 of the Dungeon
  3643 | D:5      | Shot with an arrow by a centaur

Skill      XL: |  1  2  3  4  5  6 |
---------------+-------------------+-----
Conjurations   | 5 6 |  6.7
Stealth        | 3 |  3.7
Spellcasting   | 4 5 6 |  6.5
Armour         | 1 |  1.6
Fighting       | |  0.1
Maces & Flails | |  0.1
Dodging        | |  2.9

Action                   |  1- 3 |  4- 6 |  7- 9 || total
-------------------------+-------+-------+-------++-------
Melee: Mace              |     3 |     1 |       ||     4
       Unarmed           |     1 |       |       ||     1
 Cast: Magic Dart        |    53 |    93 |    20 ||   166
       Searing Ray       |     2 |    10 |       ||    12
       Iskenderun's Myst |       |     1 |       ||     1
  Use: Scroll            |       |     5 |     2 ||     7
       Potion            |       |     1 |       ||     1
  Eat: Chunk             |       |     5 |       ||     5
       Ration            |       |     1 |       ||     1
Armor: Robe              |     2 |       |       ||     2
       Leather armour    |       |    15 |     1 ||    16
Dodge: Dodged            |    16 |    25 |     4 ||    45
